PUB
CALIFORNIA SEALS @ CHI-TOWN COALITION
06/15/1972
 
TOP OF THE 1ST
California Seals batting - Pitching for Chi-town Coalition : RHP Nori Takahashi
Pitching: RHP Nori Takahashi
Batting: LHB Rick Monday 0-0: Fly out, F2 (Popup, 2LF, EV 90.0 MPH)
Batting: LHB José Ramos 0-0: Foul Ball, location: 2F
0-1: Ball
1-1: Foul Ball, location: 5SF
1-2: Strikes out swinging
Batting: LHB Peter Brantley 0-0: Foul Ball, location: 7LDF
0-1: Ball
1-1: Ground out 1-3 (Groundball, 13S, EV 73.1 MPH)
Top of the 1st over - 0 runs, 0 hits, 0 errors, 0 left on base; California 0 - Chi-town 0
BOTTOM OF THE 1ST
Chi-town Coalition batting - Pitching for California Seals : LHP Eric Norman
Pitching: LHP Eric Norman
Batting: LHB Jesús Rivera 0-0: Called Strike
0-1: Ball
1-1: Ball
2-1: SOLO HOME RUN (Flyball, 89XD, EV 96.9 MPH), Distance : 390 ft
Batting: RHB Jim L Hickman 0-0: Called Strike
0-1: SINGLE (Line Drive, 4MD, EV 98.8 MPH)
Batting: RHB Jonathan Parker 0-0: Called Strike
0-1: Swinging Strike
0-2: Ball
Wild Pitch!
Jim L Hickman to second
1-2: Ball
2-2: Strikes out swinging
Batting: LHB Willie McCovey 0-0: Ball
1-0: Foul Ball, location: 3FF
1-1: Foul Ball, location: 2F
1-2: Ball
2-2: Fly out, F6 (Popup, 6M, EV 66.9 MPH)
Batting: RHB Willie Horton 0-0: Ball
1-0: Ground out 5-3 (Groundball, 56S, EV 78.1 MPH)
Bottom of the 1st over - 1 run, 2 hits, 0 errors, 1 left on base; California 0 - Chi-town 1
TOP OF THE 2ND
California Seals batting - Pitching for Chi-town Coalition : RHP Nori Takahashi
Batting: LHB Boog Powell 0-0: Ball
1-0: Ball
2-0: Ground out U3 (Groundball, 34, EV 104.4 MPH)
Batting: RHB Dave Barrera 0-0: Ball
1-0: Ball
2-0: Called Strike
2-1: Foul Ball, location: 9LDF
2-2: Foul Ball, location: 5F
2-2: Strikes out swinging
Batting: SHB Jim Lefebvre 0-0: Ball
1-0: Ball
2-0: Ball
3-0: Called Strike
3-1: Foul Ball, location: 7LSF
3-2: Foul Ball, location: 9LMF
3-2: Fly out, F3 (Popup, 23F, EV 82.5 MPH)
Top of the 2nd over - 0 runs, 0 hits, 0 errors, 0 left on base; California 0 - Chi-town 1
BOTTOM OF THE 2ND
Chi-town Coalition batting - Pitching for California Seals : LHP Eric Norman
Batting: RHB Florent Dupré 0-0: Ball
1-0: Fly out, F9 (Flyball, 89M, EV 82.5 MPH)
Batting: RHB Ray Fosse 0-0: Called Strike
0-1: Ground out 5-3 (Groundball, 5S, EV 85.6 MPH)
Batting: SHB Paul Logan 0-0: SINGLE (Flyball, 34D, EV 87.5 MPH)
Batting: LHB Nori Takahashi 0-0: Ball
1-0: Ground out 5-3 (Groundball, 56S, EV 62.5 MPH)
Bottom of the 2nd over - 0 runs, 1 hit, 0 errors, 1 left on base; California 0 - Chi-town 1
TOP OF THE 3RD
California Seals batting - Pitching for Chi-town Coalition : RHP Nori Takahashi
Batting: RHB Jeremy Espinosa 0-0: Called Strike
0-1: Ball
1-1: Ball
2-1: Ground out 5-3 (Groundball, 56, EV 90.0 MPH)
Batting: RHB Jimmy Rivers 0-0: Called Strike
0-1: Foul Ball, location: 2F
0-2: Strikes out looking
Batting: LHB Eric Norman 0-0: Swinging Strike
0-1: Ball
1-1: Ball
2-1: Fly out, F3 (Popup, 3SF, EV 78.8 MPH)
Top of the 3rd over - 0 runs, 0 hits, 0 errors, 0 left on base; California 0 - Chi-town 1
BOTTOM OF THE 3RD
Chi-town Coalition batting - Pitching for California Seals : LHP Eric Norman
Batting: LHB Jesús Rivera 0-0: Swinging Strike
0-1: Foul Ball, location: 3FF
0-2: Ball
1-2: Strikes out swinging
Batting: RHB Jim L Hickman 0-0: Ball
1-0: Called Strike
1-1: Ground out 4-3 (Groundball, 4, EV 86.3 MPH)
Batting: RHB Jonathan Parker 0-0: Called Strike
0-1: Foul Ball, location: 9LSF
0-2: Ball
1-2: SINGLE (Line Drive, 9S, EV 96.9 MPH)
Batting: LHB Willie McCovey 0-0: Ball
1-0: Called Strike
1-1: Ball
Jonathan Parker steals 2nd base
2-1: Ball
3-1: Foul Ball, location: 25FF
3-2: Foul Ball, location: 2F
3-2: Strikes out swinging
Bottom of the 3rd over - 0 runs, 1 hit, 0 errors, 1 left on base; California 0 - Chi-town 1
TOP OF THE 4TH
California Seals batting - Pitching for Chi-town Coalition : RHP Nori Takahashi
Batting: LHB Rick Monday 0-0: Called Strike
0-1: Ball
1-1: Foul Ball, location: 2F
1-2: Ball
2-2: TRIPLE (Flyball, 9LD, EV 90.0 MPH)
Batting: LHB José Ramos 0-0: Ball
1-0: Called Strike
1-1: SINGLE (Groundball, 4MD, EV 104.4 MPH)
Rick Monday scores
Batting: LHB Peter Brantley 0-0: Ball
1-0: Foul Ball, location: 2F
1-1: Foul Ball, location: 5DF
1-2: 2-RUN HOME RUN (Flyball, 9D, EV 95.6 MPH), Distance : 357 ft
Batting: LHB Boog Powell 0-0: Swinging Strike
0-1: Ball
1-1: Foul Ball, location: 5F
1-2: Foul Ball, location: 2F
1-2: Strikes out swinging
Batting: RHB Dave Barrera 0-0: Ball
1-0: Ball
2-0: Swinging Strike
2-1: Ball
3-1: Foul Ball, location: 25FF
3-2: Ground out 5-3 (Groundball, 15, EV 89.4 MPH)
Batting: SHB Jim Lefebvre 0-0: SOLO HOME RUN (Line Drive, 9LD, EV 95.0 MPH), Distance : 345 ft
Batting: RHB Jeremy Espinosa 0-0: Ball
1-0: Fly out, F4 (Popup, 4M, EV 58.1 MPH)
Top of the 4th over - 4 runs, 4 hits, 0 errors, 0 left on base; California 4 - Chi-town 1
BOTTOM OF THE 4TH
Chi-town Coalition batting - Pitching for California Seals : LHP Eric Norman
Batting: RHB Willie Horton 0-0: Called Strike
0-1: Swinging Strike
0-2: Ground out 3-1 (Groundball, 34, EV 88.8 MPH)
Batting: RHB Florent Dupré 0-0: Ball
1-0: Called Strike
1-1: Ball
2-1: Fly out, F9 (Flyball, 89M, EV 92.5 MPH)
Batting: RHB Ray Fosse 0-0: Ball
1-0: Ball
2-0: Ball
3-0: Called Strike
3-1: Base on Balls
Batting: SHB Paul Logan 0-0: Ball
1-0: Fielders Choice at 2nd, 6-4 (Groundball, 6, EV 107.5 MPH)
Bottom of the 4th over - 0 runs, 0 hits, 0 errors, 1 left on base; California 4 - Chi-town 1
TOP OF THE 5TH
California Seals batting - Pitching for Chi-town Coalition : RHP Nori Takahashi
Batting: RHB Jimmy Rivers 0-0: Swinging Strike
0-1: Called Strike
0-2: Strikes out swinging
Batting: LHB Eric Norman 0-0: Ball
1-0: Foul Ball, location: 2F
1-1: Ball
2-1: Ball
3-1: Foul Ball, location: 9LSF
3-2: Strikes out swinging
Batting: LHB Rick Monday 0-0: Swinging Strike
0-1: Foul Ball, location: 7LSF
0-2: Strikes out swinging
Top of the 5th over - 0 runs, 0 hits, 0 errors, 0 left on base; California 4 - Chi-town 1
BOTTOM OF THE 5TH
Chi-town Coalition batting - Pitching for California Seals : LHP Eric Norman
Batting: LHB Nori Takahashi 0-0: Ball
1-0: Foul Ball, location: 9LSFF
1-1: Ball
2-1: Ball
3-1: Foul Ball, location: 9LDF
3-2: Strikes out swinging
Batting: LHB Jesús Rivera 0-0: Ball
1-0: Swinging Strike
1-1: Ball
2-1: Called Strike
2-2: Ball
3-2: Foul Ball, location: 2F
3-2: Foul Ball, location: 25F
3-2: Fly out, F8 (Flyball, 8RM, EV 90.0 MPH)
Batting: RHB Jim L Hickman 0-0: Called Strike
0-1: Ball
1-1: Called Strike
1-2: Strikes out swinging
Bottom of the 5th over - 0 runs, 0 hits, 0 errors, 0 left on base; California 4 - Chi-town 1
TOP OF THE 6TH
California Seals batting - Pitching for Chi-town Coalition : RHP Nori Takahashi
Batting: LHB José Ramos 0-0: Ball
1-0: Called Strike
1-1: Ball
2-1: Swinging Strike
2-2: Ball
3-2: Foul Ball, location: 2F
3-2: Strikes out swinging
Batting: LHB Peter Brantley 0-0: Ball
1-0: Fly out, F9 (Flyball, 9, EV 98.1 MPH)
Batting: LHB Boog Powell 0-0: Ball
1-0: SINGLE (Groundball, 56D, EV 97.5 MPH)
Batting: RHB Dave Barrera 0-0: Ball
1-0: Foul Ball, location: 2F
1-1: Called Strike
1-2: SINGLE (Flyball, 7, EV 88.8 MPH)
Boog Powell to second
Batting: SHB Jim Lefebvre 0-0: Ball
1-0: Ball
2-0: Fielders Choice at 2nd, U4 (Groundball, 4M, EV 109.4 MPH)
Top of the 6th over - 0 runs, 2 hits, 0 errors, 2 left on base; California 4 - Chi-town 1
BOTTOM OF THE 6TH
Chi-town Coalition batting - Pitching for California Seals : LHP Eric Norman
Batting: RHB Jonathan Parker 0-0: Ball
1-0: Ball
2-0: Ground out 4-3 (Groundball, 34D, EV 100.0 MPH)
Batting: LHB Willie McCovey 0-0: Ball
1-0: Swinging Strike
1-1: Ball
2-1: SOLO HOME RUN (Flyball, 9D, EV 95.0 MPH), Distance : 346 ft
Batting: RHB Willie Horton 0-0: Ball
1-0: Ground out 5-3 (Groundball, 56S, EV 82.5 MPH)
Batting: RHB Florent Dupré 0-0: Foul Ball, location: 9LSF
0-1: Ball
1-1: Called Strike
1-2: Ball
2-2: Foul Ball, location: 2F
2-2: Foul Ball, location: 23F
2-2: SINGLE (Line Drive, 7LS, EV 96.3 MPH)
Batting: RHB Ray Fosse 0-0: Called Strike
0-1: Ball
Pickoff Throw to First - Out! 1-3
Bottom of the 6th over - 1 run, 2 hits, 0 errors, 0 left on base; California 4 - Chi-town 2
TOP OF THE 7TH
California Seals batting - Pitching for Chi-town Coalition : RHP Nori Takahashi
Batting: RHB Jeremy Espinosa 0-0: Called Strike
0-1: Ground out 6-3 (Groundball, 6, EV 91.3 MPH)
Batting: RHB Jimmy Rivers 0-0: Fly out, F9 (Flyball, 89M, EV 95.6 MPH)
Batting: LHB Eric Norman 0-0: Swinging Strike
0-1: Ball
1-1: Ball
2-1: Ground out U3 (Groundball, 34, EV 98.8 MPH)
Top of the 7th over - 0 runs, 0 hits, 0 errors, 0 left on base; California 4 - Chi-town 2
BOTTOM OF THE 7TH
Chi-town Coalition batting - Pitching for California Seals : LHP Eric Norman
Batting: RHB Ray Fosse 0-0: Ball
1-0: SINGLE (Line Drive, 7LS, EV 105.6 MPH)
Batting: SHB Paul Logan 0-0: Called Strike
0-1: Foul Ball, location: 9LMF
0-2: Ball
1-2: Ball
2-2: Ball
3-2: Base on Balls
Ray Fosse to second
Batting: LHB Nori Takahashi 0-0: Sac Bunt to 2L - play at first, batter OUT! 2-4
Ray Fosse to third
Paul Logan to second
Pinch Hitting: RHB Michael Patrick 0-0: Swinging Strike
0-1: Ball
1-1: Swinging Strike
1-2: Hit by Pitch
Batting: RHB Jim L Hickman 0-0: Ball
1-0: Ball
2-0: Called Strike
2-1: Called Strike
2-2: Strikes out swinging
Batting: RHB Jonathan Parker 0-0: Ball
1-0: Swinging Strike
1-1: Ball
2-1: Swinging Strike
2-2: Foul Ball, location: 23F
2-2: Foul Ball, location: 7LSF
2-2: Ground out 4-3 (Groundball, 4, EV 80.0 MPH)
Bottom of the 7th over - 0 runs, 1 hit, 0 errors, 3 left on base; California 4 - Chi-town 2
TOP OF THE 8TH
California Seals batting - Pitching for Chi-town Coalition : RHP Nori Takahashi
Now in RF: Pedro Díaz
Batting: LHB Rick Monday 0-0: SOLO HOME RUN (Flyball, 9LD, EV 92.5 MPH), Distance : 334 ft
Batting: LHB José Ramos 0-0: Called Strike
0-1: Called Strike
0-2: Strikes out swinging
Batting: LHB Peter Brantley 0-0: Ball
1-0: Foul Ball, location: 2F
1-1: Foul Ball, location: 2F
1-2: Ball
2-2: Foul Ball, location: 2F
2-2: Ball
3-2: SINGLE (Groundball, 4MD, EV 105.6 MPH)
Batting: LHB Boog Powell 0-0: Ball
1-0: Foul Ball, location: 7LDF
1-1: Ball
2-1: Called Strike
2-2: SINGLE (Groundball, 4MD, EV 110.6 MPH)
Peter Brantley to second
Runner from 2nd tries for 3rd, SAFE, throw by CF made to third
Batting: RHB Dave Barrera 0-0: Called Strike
0-1: Ball
1-1: Swinging Strike
1-2: Ball
2-2: Strikes out swinging
Batting: SHB Jim Lefebvre 0-0: Ball
1-0: Foul Ball, location: 2F
1-1: Swinging Strike
1-2: Ball
2-2: Foul Ball, location: 2F
2-2: Strikes out looking
Top of the 8th over - 1 run, 3 hits, 0 errors, 2 left on base; California 5 - Chi-town 2
BOTTOM OF THE 8TH
Chi-town Coalition batting - Pitching for California Seals : LHP Eric Norman
Batting: LHB Willie McCovey 0-0: Ball
1-0: Called Strike
1-1: Foul Ball, location: 9LDF
1-2: Ball
2-2: Fly out, F7 (Line Drive, 7S, EV 105.6 MPH)
Batting: RHB Willie Horton 0-0: Ball
1-0: Called Strike
1-1: Called Strike
1-2: Strikes out swinging
Batting: RHB Florent Dupré 0-0: Ground out 5-3 (Groundball, 5, EV 80.0 MPH)
Bottom of the 8th over - 0 runs, 0 hits, 0 errors, 0 left on base; California 5 - Chi-town 2
TOP OF THE 9TH
California Seals batting - Pitching for Chi-town Coalition : RHP Nori Takahashi
Batting: RHB Jeremy Espinosa 0-0: Ball
1-0: Ball
2-0: Foul Ball, location: 25F
2-1: Swinging Strike
2-2: Strikes out looking
Batting: RHB Jimmy Rivers 0-0: Ball
1-0: Foul Ball, location: 2F
1-1: Foul Ball, location: 2F
1-2: Ball
2-2: Strikes out swinging
Pinch Hitting: LHB Mack Jones 0-0: Ball
1-0: Ball
2-0: Ball
3-0: Base on Balls
Batting: LHB Rick Monday 0-0: Called Strike
0-1: Foul Ball, location: 23F
0-2: Ball
1-2: Ball
Mack Jones is caught stealing 2nd base 2-6
Top of the 9th over - 0 runs, 0 hits, 0 errors, 0 left on base; California 5 - Chi-town 2
BOTTOM OF THE 9TH
Chi-town Coalition batting - Pitching for California Seals : LHP Eric Norman
Pitching: RHP Greg Gordon
Pinch Hitting: LHB Pat Forbes 0-0: Foul Ball, location: 7LMF
0-1: Ball
1-1: DOUBLE (Groundball, 3L, EV 98.1 MPH)
Pinch Hitting: LHB Juan Álvarez 0-0: Foul Ball, location: 2F
0-1: Called Strike
0-2: Foul Ball, location: 2F
0-2: Ball
1-2: Ball
2-2: Ball
3-2: Strikes out swinging
Pinch Hitting: RHB Joe Torre 0-0: Foul Ball, location: 2F
0-1: Foul Ball, location: 2F
0-2: Foul Ball, location: 2F
0-2: Strikes out looking
Batting: LHB Pedro Díaz 0-0: SINGLE (Line Drive, 34, EV 107.5 MPH)
Pat Forbes to third
Batting: RHB Jim L Hickman 0-0: Called Strike
0-1: Ball
1-1: Fly out, F8 (Flyball, 8RS, EV 89.4 MPH)
Bottom of the 9th over - 0 runs, 2 hits, 0 errors, 2 left on base; California 5 - Chi-town 2
Thursday, March 28th , 2024 - OOTP Baseball 24.8 Build 75